 Dungeon Crawl Stone Soup version 0.20.1-1-g8b1a95d (webtiles) character file.

84 Jazqa the Skirmisher (level 4, -3/44 HPs)
             Began as a Naga Fighter on Oct 31, 2017.
             Slain by a gnoll (5 damage)
             ... on level 2 of the Dungeon.
             The game lasted 00:01:26 (1376 turns).

Jazqa the Skirmisher (Naga Fighter)                 Turns: 1376, Time: 00:01:27

Health: -3/44      AC:  4    Str: 25    XL:     4   Next: 45%
Magic:  4/4        EV:  5    Int:  8    God:
Gold:   81         SH:  9    Dex: 10    Spells: 3/3 levels left

rFire    . . .     SeeInvis +   a - +0 long sword
rCold    . . .     Gourm    .   c - +0 shield
rNeg     . . .     Faith    +   b - +0 scale mail
rPois    +         Spirit   .   (no helmet)
rElec    .         Reflect  .   (no cloak)
rCorr    .         Harm     .   (no gloves)
MR       .....                  (no barding)
Stlth    ..........             H - amulet of faith {!P}
Regen    0.2/turn               (no ring)
MPRegen  0.1/turn               (no ring)

@: mighty, very slow
A: see invisible, deformed body, poison resistance, slowness 2, slow metabolism
1, spit poison 1, AC +1
a: Spit Poison


You were on level 2 of the Dungeon.
You were not hungry.

You visited 1 branch of the dungeon, and saw 2 of its levels.

You collected 81 gold pieces.


Innate Abilities, Weirdness & Mutations

You cannot wear boots.
Your serpentine skin is tough. (AC +1)
You have supernaturally acute eyesight. (SInv)
Armour fits poorly on your strangely shaped body.
Your system is resistant to poisons. (rPois)
You cover ground very slowly.
You have a slow metabolism.
You can spit poison.


   Skills:
 + Level 4.3 Fighting
 + Level 3.3 Long Blades
 - Level 2.4 Armour
 - Level 2.4 Shields


You had 3 spell levels left.
You didn't know any spells.

Inventory:

Hand Weapons
 a - a +0 long sword (weapon)
Armour
 b - a +0 scale mail (worn)
 c - a +0 shield (worn)
Jewellery
 H - an amulet of faith (around neck) {!P}
Scrolls
 h - a scroll of teleportation {unknown}
 i - 2 scrolls of identify {unknown}
 j - a scroll of enchant weapon {unknown}
 l - a scroll of enchant armour {unknown}
Potions
 e - a potion of brilliance {unknown}
 g - 3 potions of heal wounds {unknown}
 n - 2 potions of haste {unknown}
Comestibles
 f - 2 bread rations {@e1}
 k - a meat ration {@e1}
 m - a royal jelly {@e3}
 o - 3 chunks of flesh

Dungeon Overview and Level Annotations

Branches:
Dungeon (2/15)

Altars:

# . ###.##. ### ..... #
## ##... ##.## .## ##.###
#..####...####..##...#.#
........#..........##.#
.####..###..####...#S#
........#........##g#
...####...####..@#.#
##..# #▓.▓# #..##g#
.#▓###▓...▓###▓#.#.......
#####.#▓.▓#.#######▓▓▓▓▓.
.#..#.......#..#.#.#
#....#..8..#....#.###▓
...#..#...#..#.....#.#
....#...8...#.......###▓
.##▓.▓▓...▓▓.▓##.....#.#


You could see a gnoll.


Message History

The gnoll hits you with a flail.
* * * LOW HITPOINT WARNING * * *
You slash the gnoll!
You kill the gnoll!
Unknown command.
Your shield and scale mail prevent you from hitting the gnoll.
The gnoll hits you.
* * * LOW HITPOINT WARNING * * *
The gnoll hits you.
* * * LOW HITPOINT WARNING * * *
Unknown command.
You slash the gnoll!
The gnoll is almost dead.
You block the gnoll's attack.
Unknown command.
You barely miss the gnoll.
The gnoll is almost dead.
The gnoll hits you but does no damage.
You slash the gnoll!
You kill the gnoll!
You slash the gnoll!
The gnoll is almost dead.
The gnoll barely misses you.
You riposte.
You barely miss the gnoll.
The gnoll is almost dead.
The gnoll hits you.
* * * LOW HITPOINT WARNING * * *
You barely miss the gnoll.
The gnoll is almost dead.
The gnoll hits you.
You die...

Skill      XL: |  1  2  3 |
---------------+----------+-----
Long Blades    | 3 |  3.3
Fighting       | 4 |  4.3
Armour         | |  2.4
Shields        | |  2.4

Action                   |  1- 3 |  4- 6 || total
-------------------------+-------+-------++-------
Melee: Long sword        |   100 |    16 ||   116
  Use: Potion            |       |     1 ||     1
  Eat: Chunk             |       |     1 ||     1
Armor: Scale mail        |    44 |     3 ||    47
Dodge: Dodged            |    25 |     3 ||    28
Block: Shield            |    51 |     8 ||    59
       Rpst.: Long sword |     8 |     3 ||    11

Vault maps used:
D:1:      dpeg_arrival_oval
D:2:      wad_crossroads, kennysheep_vampire_church, minmay_misc_feat_chi

Notes
Turn   | Place    | Note
-------+----------+-------------------------------------------
     0 | D:1      | Jazqa the Naga Fighter began the quest for the Orb.
     0 | D:1      | Reached XP level 1. HP: 21/21 MP: 1/1
   109 | D:1      | Reached XP level 2. HP: 21/28 MP: 2/2
   466 | D:1      | Reached XP level 3. HP: 25/34 MP: 3/3
   839 | D:2      | Reached skill level 3 in Long Blades
  1015 | D:2      | Reached skill level 4 in Fighting
  1055 | D:2      | Reached XP level 4. HP: 29/44 MP: 4/4
  1375 | D:2      | HP: 2/44 [gnoll (6)]
  1376 | D:2      | Slain by a gnoll

Vanquished Creatures
  2 adders (D:2)
  2 gnolls (D:2)
  6 dart slugs
  A leopard gecko (D:1)
  3 bats
  4 giant cockroaches (D:1)
  4 goblins
  6 hobgoblins
  A frilled lizard (D:2)
  2 kobolds (D:1)
  5 rats
36 creatures vanquished.
